 Dungeon Crawl Stone Soup version 0.23.2-1-ga50397a (webtiles) character file.

Game seed: 6692549736756337751

345 schauveau the Archer (level 6, -3/52 HPs)
             Began as a Centaur Hunter on Apr 26, 2019.
             Slain by a centaur zombie (5 damage)
             ... on level 5 of the Dungeon.
             The game lasted 00:05:42 (2485 turns).

schauveau the Archer (Centaur Hunter)               Turns: 2485, Time: 00:05:42

Health: -3/52      AC:  4    Str: 15    XL:     6   Next: 32%
Magic:  6/6        EV:  8    Int: 10    God:
Gold:   95         SH:  0    Dex: 11    Spells: 5/5 levels left

rFire    . . .     SeeInvis .   b - +0 short sword
rCold    + . .     Gourm    .   (no shield)
rNeg     . . .     Faith    .   c - +0 leather armour
rPois    .         Spirit   .   (no helmet)
rElec    .         Reflect  .   (no cloak)
rCorr    .         Harm     .   (no gloves)
MR       .....                  (no barding)
Stlth    +.........             (no amulet)
HPRegen  0.17/turn              m - ring of protection from cold
MPRegen  0.10/turn              (no ring)

@: heavily drained, very quick
A: large, hooves 3, deformed body, speed 2, tough skin 3
a: no special abilities


You were on level 5 of the Dungeon.
You were not hungry.

You visited 1 branch of the dungeon, and saw 5 of its levels.

You collected 95 gold pieces.

Inventory:

Hand Weapons
 a - a +1 shortbow
 b - a +0 short sword (weapon)
 v - a +0 trident
Missiles
 d - 8 arrows
 i - 16 poisoned needles
 u - 3 tomahawks (quivered)
Armour
 c - a +0 leather armour (worn)
Jewellery
 j - a +2 ring of intelligence {unknown}
 m - a ring of protection from cold (left hand)
Wands
 n - a wand of scattershot (4)
 r - a wand of random effects (6)
Scrolls
 e - 2 scrolls of fog
 h - a scroll of remove curse
 k - 2 scrolls of blinking
 q - a scroll of amnesia
 s - a scroll of enchant armour
 t - a scroll of teleportation {unknown}
Potions
 g - a potion of might
 l - a potion of brilliance
 o - a potion of curing
 w - 2 potions of haste {unknown}
Comestibles
 f - 7 rations
 p - 2 chunks of flesh


   Skills:
 + Level 4.1(1.7) Fighting
 * Level 8.8(6.1) Bows
 - Level 1.3(0.0) Dodging
 - Level 0.4(0.0) Stealth


You had 5 spell levels left.
You didn't know any spells.
Your spell library was empty.

Dungeon Overview and Level Annotations

Branches:
Dungeon (5/15)
 Temple: D:4-7

Altars:
Gozag
Hepliaklqana
Yredelemnul


Innate Abilities, Weirdness & Mutations

You have hooves in place of feet.
Armour fits poorly on your strangely shaped body.
You cover ground very quickly.
You have extremely tough skin. (AC +3)


Message History

The centaur zombie is severely damaged.
The centaur zombie hits you.
* * * LOW HITPOINT WARNING * * *
The centaur zombie hits you but does no damage.
You hit the centaur zombie.
The centaur zombie is almost destroyed.
The centaur zombie hits you.
* * * LOW HITPOINT WARNING * * *
You hit the centaur zombie. You kick the centaur zombie.
The centaur zombie is almost destroyed.
The centaur zombie hits you but does no damage.
You hit the centaur zombie.
The centaur zombie is almost destroyed.
The centaur zombie hits you.
* * * LOW HITPOINT WARNING * * *
The centaur zombie barely misses you.
You barely miss the centaur zombie.
The centaur zombie is almost destroyed.
The centaur zombie hits you.
You die...

#..........
#.........
#....!..# #.....o.
#...o.### ##
#...<...#. .#
#.Z...###.##.#
#...#.#......#.###
##.# .# #@Z...(#
#. .# ##.#..## #.
.# .# # # .. .# ..
.# .# ##


You could see a centaur zombie.

Vanquished Creatures
  Sigmund (D:3)
  An orc wizard (D:4)
  A centaur skeleton (D:4)
  Ijyb (D:3)
  3 adders (D:2)
  2 dart slugs
  2 leopard geckos
  7 orcs (D:4)
  8 giant cockroaches
  3 goblins
  4 hobgoblins
  10 jackals
  4 kobolds
  2 quokkas (D:2)
  2 bats
  4 frilled lizards
  A quokka skeleton (D:4)
  5 rats
  A spectral orc (D:2)
62 creatures vanquished.

Notes
Turn   | Place    | Note
-------+----------+-------------------------------------------
     0 | D:1      | schauveau the Centaur Hunter began the quest for the Orb.
     0 | D:1      | Reached XP level 1. HP: 17/17 MP: 1/1
   299 | D:1      | Reached XP level 2. HP: 18/24 MP: 2/2
   508 | D:3      | Reached skill level 6 in Bows
   599 | D:3      | Noticed Ijyb
   647 | D:3      | Killed Ijyb
   647 | D:3      | Reached XP level 3. HP: 18/30 MP: 3/3
   754 | D:3      | Noticed Sigmund
  1146 | D:2      | Found an opulent altar of Gozag.
  1164 | D:2      | Reached XP level 4. HP: 25/38 MP: 4/4
  1326 | D:2      | Found a basalt altar of Yredelemnul.
  1382 | D:2      | Reached skill level 7 in Bows
  1855 | D:3      | Killed Sigmund
  1855 | D:3      | Reached skill level 8 in Bows
  1855 | D:3      | Reached XP level 5. HP: 30/46 MP: 5/5
  1890 | D:3      | Reached XP level 6. HP: 38/52 MP: 6/6
  2105 | D:4      | Found a hazy altar of Hepliaklqana.
  2306 | D:5      | Entered Level 5 of the Dungeon
  2484 | D:5      | HP: 2/52 [centaur zombie (5)]
  2485 | D:5      | Slain by a centaur zombie

Skill      XL: |  1  2  3  4  5  6 |
---------------+-------------------+-----
Bows           | 6 8 |  8.8
Fighting       | 3 4 |  4.1
Dodging        | |  1.3
Stealth        | |  0.4

Action                   |  1- 3 |  4- 6 || total
-------------------------+-------+-------++-------
Melee: Short sword       |    99 |    98 ||   197
       Kick              |    16 |    22 ||    38
 Fire: Shortbow          |    24 |    28 ||    52
  Use: Scroll            |     6 |     2 ||     8
  Eat: Chunk             |       |     4 ||     4
Armor: Leather armour    |    46 |    41 ||    87
Dodge: Dodged            |    59 |    75 ||   134
